 Dungeon Crawl Stone Soup version 0.27-a0-1381-g81fdcbfb23 (webtiles) character file.

Game seed: 11109860941555932031

35 Froggeryz the Cutter (level 3, -1/24 HPs)
             Began as an Octopode Gladiator on June 30, 2021.
             Slain by a worm (10 damage)
             ... on level 2 of the Dungeon.
             The game lasted 00:01:04 (1233 turns).

Froggeryz the Cutter (Octopode Gladiator)           Turns: 1233, Time: 00:01:04

Health: -1/24      AC:  1    Str: 13    XL:     3   Next: 35%
Magic:  3/3        EV: 14    Int: 10    God:
Gold:   112        SH:  0    Dex: 14    Spells: 2/2 levels left

rFire    . . .     SeeInvis .   a - +0 rapier
rCold    . . .     Faith    .   (no shield)
rNeg     . . .     Spirit   .   b - +0 hat
rPois    .         Reflect  .   (no amulet)
rElec    .         Harm     .   (no ring)
rCorr    .         Rampage  .   (no ring)
Will     .....                  (no ring)
Stlth    +++.......             (no ring)
HPRegen  0.08/turn              (no ring)
MPRegen  0.08/turn              (no ring)
                                (no ring)
                                (no ring)

@: no status effects
A: almost no armour, amphibious, 8 rings, camouflage 1, gelatinous body 1,
(nimble swimmer 1), tentacles
a: no special abilities


You were on level 2 of the Dungeon.
You visited 1 branch of the dungeon, and saw 2 of its levels.

You collected 112 gold pieces.

Inventory:

Hand Weapons
 a - a +0 rapier (weapon)
Missiles
 c - 3 throwing nets (quivered)
Armour
 b - a +0 hat (worn)
 i - a +0 buckler
Scrolls
 f - 4 scrolls of enchant weapon {unknown}
 g - a scroll of enchant armour {unknown}
Potions
 d - a potion of might {unknown}
 e - a potion of heal wounds {unknown}
 h - a potion of degeneration {unknown}
 j - 2 potions of invisibility {unknown}


   Skills:
 - Level 2.0 Fighting
 + Level 3.7 Short Blades
 - Level 2.0 Throwing
 - Level 3.0 Dodging
 - Level 1.6 Stealth
 * Level 1.3 Shields


You had 2 spell levels left.
You didn't know any spells.
Your spell library was empty.

Dungeon Overview and Level Annotations

Branches:
Dungeon (2/15)

Altars:

Annotations:
D:2 Robin


Innate Abilities, Weirdness & Mutations

You cannot wear most types of armour.
You are amphibious.
You can wear up to eight rings at the same time.
Your skin changes colour to match your surroundings (Stealth+).
Your rubbery body absorbs attacks. (AC +1, EV +1)
((You are camouflaged near water. (Stealth+)))
You have tentacles for arms and can constrict up to eight enemies at once.


Message History

You kill the bat!
A hobgoblin comes into view.
You see here a bat corpse.
There are monsters nearby!
There are monsters nearby!
A goblin comes into view. It is wielding a +0 club.
Robin of the Strong Arm comes into view.
They are wielding a +0 trident. 2 goblins come into view.
A hobgoblin comes into view.
The goblin shouts!
The hobgoblin shouts!
You hear a shout! x2
A goblin comes into view. It is wielding a +0 club. x2
Robin shouts!
The hobgoblin shouts!
The kobold shouts!
You hit the kobold.
You kill the kobold!
Robin throws the goblin at you!
A quokka comes into view.
A goblin comes into view. It is wielding a +0 club.
The goblin closely misses you.
The goblin shouts!
You hit the goblin.
You kill the goblin!
The hobgoblin hits you.
Robin roars a battlecry!
The goblins go into a battle-frenzy!
You hear a shout! x2
You see here a +0 club.
Robin throws the goblin at you! The goblin hits you with a +0 club.
The quokka twitches its whiskers.
A giant cockroach comes into view.
You barely miss the giant cockroach. Your grab misses the giant cockroach.
You squeeze the giant cockroach.
You kill the giant cockroach!
The goblin closely misses you. The hobgoblin hits you.
* * * LOW HITPOINT WARNING * * *
The goblin no longer looks unusually strong.
The goblin no longer looks unusually strong.
A worm comes into view.
Found an escape hatch in the floor.
The worm bites you!
You die...

#.###### ###r###
# #.....# #
##########.#.#.#
#
#...g.rg.....#.#
# #.########.###
# .. #g### #...
#.#
#w..##########
#.. #.@.....#
##. #...###.# #.
#..## g. ....
##... ...>.
..... #.....#


You could see a worm and a goblin.

Vanquished Creatures
  An adder (D:2)
  4 endoplasms
  4 giant cockroaches
  A hobgoblin (D:1)
  4 jackals (D:1)
  A kobold (D:2)
  A ball python (D:1)
  6 bats
  A frilled lizard (D:1)
  A goblin (D:2)
24 creatures vanquished.

Notes
Turn   | Place    | Note
-------+----------+-------------------------------------------
     0 | D:1      | Froggeryz the Octopode Gladiator began the quest for the
                  | Orb.
     0 | D:1      | Reached XP level 1. HP: 14/14 MP: 1/1
    66 | D:1      | Reached skill level 1 in Stealth
    68 | D:1      | Reached XP level 2. HP: 3/19 MP: 2/2
  1170 | D:2      | Reached skill level 1 in Shields
  1170 | D:2      | Reached XP level 3. HP: 20/24 MP: 3/3
  1203 | D:2      | Noticed Robin
  1233 | D:2      | Slain by a worm

Illustrated notes

Levels and vault maps discovered:
D:1:      dpeg_arrival_leaves_temple_mockup, layout_basic,
          minmay_misc_feat_nine_boxes
D:2:      layout_loops_ring, ebering_ecumenical_altar_rust, uniq_robin,
          uniq_crazy_yiuf_cottage

Skill      XL: |  1  2 |
---------------+-------+-----
Stealth        | 1 |  1.6
Shields        | 1 |  1.3
Fighting       | |  2.0
Short Blades   | |  3.7
Throwing       | |  2.0
Dodging        | |  3.0

Action                   || total
-------------------------++-------
Melee: Rapier            ||    41
       Constrict         ||    12
       Tentacles         ||     9
 Stab: Sleeping          ||     4
Armor: Skin              ||     3
Dodge: Dodged            ||    43

Table legend: (Time is in decaauts)
 A = Elapsed time spent in this place.
 B = Non-inter-level travel time spent in this place.
 C = Inter-level travel time spent in this place.
 D = Time resting spent in this place.
 E = Time spent auto-exploring this place.
 F = Levels seen in this place.
 G = Mean time per level.
                   A        B        C        D        E       F      G
               +--------+--------+--------+--------+--------+-----+--------+
         Total |   1234 |   1220 |     14 |    249 |    793 |   2 |  617.0 |
       Dungeon |   1234 |   1220 |     14 |    249 |    793 |   2 |  617.0 |
               +--------+--------+--------+--------+--------+-----+--------+

Top non-repeatable levels by time:
     D:1: 1152 daAuts
     D:2: 82 daAuts
